 Dungeon Crawl Stone Soup version 0.30-a0-364-gf6b3ef1049 (webtiles) character file.

Game seed: 8355060368566496740

273 Zonian the Ducker (level 6, 0/40 HPs)
             Began as a Djinni Ice Elementalist on Nov 15, 2022.
             Slain by an elf zombie (6 damage)
             ... in an ossuary.
             The game lasted 00:08:35 (3558 turns).

Zonian the Ducker (Djinni Ice Elementalist)         Turns: 3558, Time: 00:08:36

Health: 0/40       AC:  8    Str:  7    XL:     6   Next: 48%
Gold:   199        EV: 13    Int: 19    God:
                   SH:  0    Dex: 13

rFire   + + .      SeeInvis .    e - +5 rapier (drain)
rCold   x . .      Faith    .    (no shield)
rNeg    + . .      Spirit   .    d - +0 robe {rN+}
rPois   ∞          Reflect  .    (no helmet)
rElec   .          Harm     .    (no cloak)
rCorr   .          Rampage  .    (no gloves)
Will    .....                    (boots unavailable)
Stlth   ++........               j - amulet of the acrobat
HPRegen 0.26/turn                (no ring)
MPRegen 0.00/turn                (no ring)

@: ice-armoured, freezing walls, flying
A: sickness immunity, fire resistance 2, cold vulnerability 1, float, innate
caster, HP casting, extra vitality 1
a: no special abilities


You were in an ossuary.
You visited 1 branch of the dungeon, and saw 4 of its levels.
You also visited: Ossuary.

You collected 199 gold pieces.

Inventory:

Hand Weapons
 b - a +0 dagger
 e - a +5 rapier of draining (weapon)
 r - a +0 sling
Missiles
 n - 3 poisoned darts
Armour
 a - a +0 robe
 d - a +0 robe of positive energy (worn)
 t - a +2 ring mail of willpower
Jewellery
 j - an amulet of the acrobat (around neck)
 v - a +6 ring of strength
Wands
 u - a wand of polymorph (2)
Scrolls
 h - 2 scrolls of identify
 l - a scroll of enchant armour {unknown}
 m - a scroll of teleportation {unknown}
 p - a scroll of blinking {unknown}
 s - a scroll of brand weapon {unknown}
Potions
 c - a potion of curing
 i - a potion of brilliance
 k - 2 potions of ambrosia
 o - a potion of haste
 q - 2 potions of lignification


   Skills:
 + Level 0.6 Short Blades
 + Level 4.3 Dodging
 + Level 3.4 Stealth
 + Level 4.1 Spellcasting


You couldn't memorise any spells.
You knew the following spells:

 Your Spells              Type           Power      Damage    Failure   Level
a - Freeze                Ice            76%        1d8       2%          1
b - Frozen Ramparts       Ice            38%        1d6       8%          3
c - Ozocubu's Armour      Ice            19%        N/A       8%          3
d - Summon Ice Beast      Ice/Summ       19%        N/A       24%         4
e - Kiss of Death         Conj/Necr      76%        2d11      2%          1
f - Wereblood             Tmut           19%        N/A       3%          2
Your spell library was empty.

Dungeon Overview and Level Annotations

Branches:
Dungeon (4/15)             Temple (0/1) D:4         Ossuary (1/1)

Altars:
Fedhas
Gozag
Uskayaw
Yredelemnul
Zin

Shops:
D:2 (

Annotations:
D:3 2 transporters, exclusion: oklob plant, indyram44's ghost, amateur DsFi


Innate Abilities, Weirdness & Mutations

You are immune to sickness and miasma.
You are immune to poison.
Your flesh is very heat resistant. (rF++)
You are vulnerable to cold. (rC-)
You float through the air rather than walking.
You learn spells naturally, not from books.
Your magical power is your life essence.
You have superior vitality. (+4 MHP)


Message History

Found a potion of curing and 2 scrolls of identify.
You hit the elf zombie.
The elf zombie is moderately damaged.
The elf zombie hits you!
You hit the elf zombie but do no damage.
The elf zombie is moderately damaged.
The elf zombie hits you!
You barely miss the elf zombie.
The elf zombie is moderately damaged.
The elf zombie hits you.
You puncture the elf zombie!
The elf zombie is heavily damaged.
The elf zombie hits you.
You closely miss the elf zombie.
The elf zombie is heavily damaged.
The elf zombie hits you!
You hit the elf zombie.
The elf zombie is heavily damaged.
The elf zombie hits you.
* * * LOW HITPOINT WARNING * * *
Unknown command.
Casting: Frozen Ramparts (dangerous; 8% risk of failure)
Confirm with . or Enter, or press ? or * to list all spells.
Casting: Frozen Ramparts (dangerous; 8% risk of failure)
Press: ? - help, Dir - look around, f - activate The walls around you are covered in ice.
* * * LOW HITPOINT WARNING * * *
Unknown command.
Casting: Frozen Ramparts (dangerous; 8% risk of failure)
Confirm with . or Enter, or press ? or * to list all spells.
A film of ice covers your body!
* * * LOW HITPOINT WARNING * * *
The elf zombie resists.
The wall freezes the elf zombie.
The elf zombie hits you but does no damage.
Unknown command.
You closely miss the elf zombie.
The elf zombie is heavily damaged.
The wall freezes the elf zombie but does no damage.
The elf zombie hits you.
You die...

#.........∩∩.........#
#....................#
#...##############...#
#...# #...# #...#
#...# #...### #...#
#...####+...... #...#
#...#.....∩.######...#
#...#.......#?!!.#...#
#...#.......# #@#...#
#...#.......####Z#...#
#...#............#...#
#...#.####.^####.#...#
#...#.#..#.^#..#.#...#
#...#....#.^#....#...#
#...######..######...#
#....................#
#........8..8........#


You could see an elf zombie.

Vanquished Creatures
  A hound (D:4)
  A human zombie (Ossuary)
  Ijyb (D:3)
  Terence (D:3)
  2 mummies (Ossuary)
  7 adders
  2 adder zombies (Ossuary)
  4 dart slugs
  3 bats
  2 endoplasms
  A giant cockroach (D:1)
  5 goblins
  6 hobgoblins
  2 jackals (D:2)
  A quokka (D:2)
  2 ball pythons
  3 frilled lizards
  A goblin zombie (Ossuary)
  12 hobgoblin zombies (Ossuary)
  A jackal zombie (Ossuary)
  4 kobolds
  3 kobold zombies (Ossuary)
  9 orc zombies (Ossuary)
  9 rats
83 creatures vanquished.

Vanquished Creatures (others)
  11 toadstools (D:3)
11 creatures vanquished.

Grand Total: 94 creatures vanquished

Notes
Turn   | Place    | Note
-------+----------+-------------------------------------------
     0 | D:1      | Zonian the Djinni Ice Elementalist began the quest for the
                  | Orb.
     0 | D:1      | Zonian set off with the following spells memorised: Freeze,
                  | Frozen Ramparts, Ozocubu's Armour, Summon Ice Beast.
     0 | D:1      | Reached XP level 1. HP: 15/15 MP: 0/0
   251 | D:1      | Reached XP level 2. HP: 21/21 MP: 0/0
   721 | D:2      | Reached XP level 3. HP: 16/25 MP: 0/0
   721 | D:2      | Learned a level 1 spell: Kiss of Death
   766 | D:2      | Found Ocavynt's Antique Weapon Shoppe.
   900 | D:2      | Reached XP level 4. HP: 22/31 MP: 0/0
  1456 | D:3      | Found a basalt altar of Yredelemnul.
  1479 | D:3      | Noticed Ijyb
  1493 | D:3      | Killed Ijyb
  1494 | D:3      | Reached XP level 5. HP: 35/35 MP: 0/0
  1494 | D:3      | Learned a level 2 spell: Wereblood
  1831 | D:3      | Found a blossoming altar of Fedhas.
  1850 | D:3      | Noticed an oklob plant
  1951 | D:3      | Found an opulent altar of Gozag.
  1951 | D:3      | Found a glowing silver altar of Zin.
  1982 | D:3      | Found a hide-covered altar of Uskayaw.
  2022 | D:3      | Found a transporter.
  2023 | D:3      | Noticed an ogre
  2024 | D:3      | Noticed indyram44's ghost (amateur DsFi)
  2025 | D:3      | Found a transporter.
  2025 | D:3      | Noticed an ogre
  2027 | D:3      | Noticed an ogre
  2227 | D:3      | Noticed Terence
  2253 | D:3      | Killed Terence
  2813 | D:4      | Reached XP level 6. HP: 30/40 MP: 0/0
  2821 | D:4      | Noticed Dowan
  2822 | D:4      | Found a sand-covered staircase.
  2823 | D:4      | Noticed Duvessa
  2828 | D:4      | Duvessa changed into Duvessa the dart slug
  2828 | D:4      | Noticed Duvessa
  2839 | D:4      | Killed Duvessa the dart slug
  2853 | D:4      | Dowan changed into Dowan the goblin
  2853 | D:4      | Noticed Dowan
  2857 | D:4      | Killed Dowan the goblin
  2956 | Ossuary  | Entered an ossuary
  3558 | Ossuary  | Slain by an elf zombie

Illustrated notes

Levels and vault maps discovered:
D:1:      minmay_arrival_diagonal_passages, layout_loops_ring,
          minmay_misc_feat_nine_boxes
D:2:      layout_rooms, serial_shops, nicolae_shop_crystal,
          hangedman_feature_mirror, hangedman_decor_clover_reticule,
          dk_noncrumbling_3
D:3:      layout_basic, grunt_temple_overflow_gold_and_silver,
          general_overflow_altar, yredelemnul_altar_generic, tgw_fedhas,
          gammafunk_ghost_smash, uniq_terence, uniq_ijyb
D:4:      layout_gridville, amcnicky_altar_gilded,
          minmay_temple_entry_glassed_door, gammafunk_ghost_split,
          enter_ossuary_1, uniq_menkaure, uniq_duvessa
Ossuary:  ossuary_tomb_1

Skill      XL: |  1  2  3  4  5 |
---------------+----------------+-----
Stealth        | 2 3 |  3.4
Dodging        | 3 4 |  4.3
Spellcasting   | 4 |  4.1
Short Blades   | |  0.6

Action                   |  1- 3 |  4- 6 || total
-------------------------+-------+-------++-------
Melee: Dagger            |    18 |    49 ||    67
       Rapier            |       |   104 ||   104
       Punch             |       |     3 ||     3
 Cast: Freeze            |    24 |    47 ||    71
       Frozen Ramparts   |       |     4 ||     4
       Ozocubu's Armour  |       |     1 ||     1
Evoke: Wand              |       |     6 ||     6
  Use: Potion            |       |     3 ||     3
       Scroll            |       |     6 ||     6
 Stab: Sleeping          |     2 |     1 ||     3
       Distracted        |       |     1 ||     1
Armor: Robe              |     7 |    25 ||    32
       Skin              |       |    11 ||    11
Dodge: Dodged            |    34 |   149 ||   183

Table legend: (Time is in decaauts)
 A = Elapsed time spent in this place.
 B = Non-inter-level travel time spent in this place.
 C = Inter-level travel time spent in this place.
 D = Time resting spent in this place.
 E = Time spent auto-exploring this place.
 F = Levels seen in this place.
 G = Mean time per level.
                   A        B        C        D        E       F      G
               +--------+--------+--------+--------+--------+-----+--------+
         Total |   3575 |   3482 |     93 |    902 |   1579 |   5 |  715.0 |
       Dungeon |   2954 |   2861 |     93 |    699 |   1565 |   4 |  738.5 |
       Ossuary |    621 |    621 |      0 |    203 |     14 |   1 |  621.0 |
               +--------+--------+--------+--------+--------+-----+--------+

Top non-repeatable levels by time:
     D:3: 1448 daAuts
     D:1: 675 daAuts
     D:2: 648 daAuts
 Ossuary: 621 daAuts
     D:4: 181 daAuts
